 Dungeon Crawl Stone Soup version 0.30-a0-557-ge2afbf3030 (webtiles) character file.

Game seed: 10081915902107394181

231 demibob the Twirler (level 5, 0/38 HPs)
             Began as a Demonspawn Gladiator on Dec 27, 2022.
             Slain by a gnoll
             ... wielding a +0 spear
             ... led by a gnoll bouda
              (5 damage)
             ... on level 5 of the Dungeon.
             The game lasted 00:05:13 (2282 turns).

demibob the Twirler (Demonspawn Gladiator)          Turns: 2282, Time: 00:05:13

Health: 0/38       AC:  4    Str: 14    XL:     5   Next: 73%
Magic:  5/5        EV: 12    Int: 18    God:
Gold:   173        SH:  0    Dex: 14    Spells: 1/4 levels left

rFire   . . .      SeeInvis .    a - +0 quarterstaff
rCold   . . .      Faith    .    (shield currently unavailable)
rNeg    . . .      Spirit   .    b - +0 leather armour
rPois   .          Reflect  .    c - +0 helmet
rElec   .          Harm     .    (no cloak)
rCorr   .          Rampage  .    (no gloves)
Will    .....                    (no boots)
Stlth   +                        (no amulet)
HPRegen 0.26/turn                I - +6 ring of intelligence
MPRegen 0.09/turn                (no ring)

@: hasted, very quick
A: powered by pain 1, spiny 1, weakness stinger 2
a: no special abilities


You were on level 5 of the Dungeon.
You visited 1 branch of the dungeon, and saw 5 of its levels.

You collected 173 gold pieces.


Innate Abilities, Weirdness & Mutations

You sometimes gain a little power by taking damage.
You are partially covered in sharp spines.
You have a tail ending in a sharp stinger.


   Skills:
 - Level 2.0 Fighting
 * Level 5.1 Staves
 - Level 1.7 Throwing
 - Level 2.6 Dodging
 + Level 2.9 Conjurations


You had one spell level left.
You knew the following spells:

 Your Spells              Type           Power      Damage    Failure   Level
d - Dazzling Flash        Conj/Hex       10%        N/A       43%         3

Your spell library contained the following spells:

 Spells                   Type           Power      Damage    Failure   Level
 Agony                    Necr           0%         N/A       100%        5
 Silence                  Hex/Air        0%         N/A       100%        5

Inventory:

Hand Weapons
 a - a +0 quarterstaff (weapon)
Missiles
 d - 3 throwing nets (quivered) {=f}
 e - a javelin
Armour
 b - a +0 leather armour (worn)
 c - a +0 helmet (worn)
Magical Staves
 h - a staff of conjuration {!a}
Jewellery
 I - a +6 ring of intelligence (left hand)
Scrolls
 g - a scroll of torment
 m - a scroll of teleportation {unknown}
Potions
 f - 3 potions of brilliance
 i - a potion of curing {@q1}
 j - a potion of attraction {unknown}
 k - a potion of lignification
 l - a potion of flight {unknown}

Dungeon Overview and Level Annotations

Branches:
Dungeon (6/15)
 Temple: D:4-7

Altars:
Makhleb

Annotations:
D:6 Eustachio

*,....#<* #....#..#**⚑
*,.....,#####....g?.##*,
*,......#.....!##...# *,
*,,.....#......##.#.#**+ ***
*,****#........##.#...,, ,,*
**,****###g#+##.#*..,.g., *,*
*,,,,,*#gg...##.#*,g,*..* *,*
*****,*#g#..###.#*,*,****
*,***** *,*#@#......#*,*,*
*,,,,,***####+##.##.#....,,*,*
*,,,,^,,,............$...,,*,*
*,,,,,***###..▒▒▒▒▒▒.####>,,,*
*,,,,,* #.,*,,,,*.#********
*,,,,,* #,,***,,*.(,,,*
*,,,,,* *,,,,,,∩*,,,⚑,****
*,,,,,* **,***,,*,,,,,,,,*
*************,*,,,,*,,,,,**,*


You could see 4 gnolls.


Message History

You kill the gnoll bouda!
You feel a little less mighty now.
The gnoll hits you from afar with a +0 spear.
You aren't carrying any items that you can evoke.
Unknown command.
You aren't carrying any items that you can evoke.
Unknown command.
Unknown command.
The gnoll is no longer moving quickly.
The gnoll hits you from afar with a +0 spear.
* * * LOW HITPOINT WARNING * * *
You are too injured to fight recklessly!
You are too injured to fight recklessly!
The gnoll hits you from afar with a +0 spear.
* * * LOW HITPOINT WARNING * * *
The gnoll hits you but does no damage.
You hit the gnoll.
The gnoll is lightly wounded.
You hit the gnoll.
The gnoll is moderately wounded.
You hear the slow hiss of an avalanche of sand.
The gnoll hits you from afar with a +0 spear.
* * * LOW HITPOINT WARNING * * *
The gnoll hits you with a +0 spear.
* * * LOW HITPOINT WARNING * * *
You feel better.
The gnoll is no longer moving quickly.
The gnoll hits you from afar with a +0 spear!
* * * LOW HITPOINT WARNING * * *
The gnoll hits you with a +0 spear.
You die...

Skill      XL: |  1  2  3  4  5 |
---------------+----------------+-----
Staves         | 3 4 5 |  5.1
Conjurations   | 1 2 |  2.9
Fighting       | |  2.0
Throwing       | |  1.7
Dodging        | |  2.6

Action                   |  1- 3 |  4- 6 || total
-------------------------+-------+-------++-------
Melee: Quarterstaff      |   101 |    55 ||   156
       Tailslap          |     1 |     8 ||     9
       Unarmed           |       |    12 ||    12
  Use: Scroll            |     9 |     6 ||    15
       Potion            |     1 |     3 ||     4
 Stab: Sleeping          |     1 |       ||     1
Armor: Leather armour    |    25 |     9 ||    34
Dodge: Dodged            |    69 |    41 ||   110

Levels and vault maps discovered:
D:1:      ebering_trefoil_3fold, layout_basic, interstate_on_off
D:2:      layout_rooms, minmay_fountain_box, serial_bayou_lagoon_a, uniq_natasha
D:3:      layout_loops_ring, lemuel_coloured_pillars_altar
D:5:      layout_basic, nicolae_gozag_seed_capital, lemuel_doored_altar,
          enter_ossuary_4
D:6:      layout_cave_pools, good_gods_mini_temple, nicolae_vehumet_altar_sigil,
          minmay_temple_entry_glass, minmay_manual_mullet, uniq_eustachio

Notes
Turn   | Place    | Note
-------+----------+-------------------------------------------
     0 | D:1      | demibob the Demonspawn Gladiator began the quest for the
                  | Orb.
     0 | D:1      | Reached XP level 1. HP: 16/16 MP: 1/1
   101 | D:1      | Reached skill level 3 in Staves
   129 | D:1      | Gained mutation: You sometimes gain a little power by
                  | taking damage. [demonic ancestry]
   129 | D:1      | Reached XP level 2. HP: 22/22 MP: 2/2
   480 | D:1      | Reached skill level 1 in Conjurations
   831 | D:2      | Gained mutation: You have a small tail. [demonic ancestry]
   831 | D:2      | Reached XP level 3. HP: 27/27 MP: 3/3
  1123 | D:2      | Noticed Natasha
  1138 | D:2      | Killed Natasha
  1139 | D:2      | Reached skill level 4 in Staves
  1139 | D:2      | Gained mutation: You have a tail ending in a sharp stinger.
                  | [demonic ancestry]
  1139 | D:2      | Reached XP level 4. HP: 19/33 MP: 4/4
  1227 | D:2      | Reached skill level 2 in Conjurations
  1341 | D:2      | Noticed Natasha
  1349 | D:2      | Killed Natasha
  1461 | D:2      | Learned a level 3 spell: Dazzling Flash
  1828 | D:3      | Found a burning altar of Makhleb.
  1861 | D:3      | Gained mutation: You are partially covered in sharp spines.
                  | [demonic ancestry]
  1861 | D:3      | Reached XP level 5. HP: 38/38 MP: 5/5
  2198 | D:3      | You fall into a shaft and drop 3 floors!
  2216 | D:6      | Noticed Eustachio
  2218 | D:5      | Entered Level 5 of the Dungeon
  2260 | D:5      | Noticed an ice beast
  2269 | D:5      | Reached skill level 5 in Staves
  2281 | D:5      | HP: 3/38 [gnoll/+0 spear[a gnoll bouda] (6)]
  2282 | D:5      | Slain by a gnoll

Vanquished Creatures
  A gnoll bouda (D:5)
  2 iguanas
  Natasha (twice) (D:2)
  3 adders (D:2)
  3 dart slugs (D:3)
  6 ball pythons
  7 endoplasms
  5 giant cockroaches
  5 goblins
  6 hobgoblins
  3 jackals (D:2)
  5 kobolds
  4 quokkas
  A bat (D:2)
  4 frilled lizards
  7 rats
64 creatures vanquished.

Vanquished Creatures (others)
  27 plants (D:2)
27 creatures vanquished.

Grand Total: 91 creatures vanquished

Table legend: (Time is in decaauts)
 A = Elapsed time spent in this place.
 B = Non-inter-level travel time spent in this place.
 C = Inter-level travel time spent in this place.
 D = Time resting spent in this place.
 E = Time spent auto-exploring this place.
 F = Levels seen in this place.
 G = Mean time per level.
                   A        B        C        D        E       F      G
               +--------+--------+--------+--------+--------+-----+--------+
         Total |   2292 |   2260 |     32 |    100 |   1659 |   5 |  458.4 |
       Dungeon |   2292 |   2260 |     32 |    100 |   1659 |   5 |  458.4 |
               +--------+--------+--------+--------+--------+-----+--------+

Top non-repeatable levels by time:
     D:1: 829 daAuts
     D:2: 709 daAuts
     D:3: 684 daAuts
     D:5: 50 daAuts
     D:6: 19 daAuts

Table legend:
 A = Non-vault XP
 B = Vault XP
 C = Vault XP percentage of total XP
 D = Non-vault monster count
 E = Vault monster count
 F = Vault count percentage of total count
                 A         B        C        D         E       F
            +---------+---------+-------+---------+---------+-------
      Total |     295 |      36 |  10.9 |      63 |       1 |   1.6
            +---------+---------+-------+---------+---------+-------
        D:1 |      40 |       0 |   0.0 |      25 |       0 |   0.0
        D:2 |     105 |      36 |  25.5 |      21 |       1 |   4.5
        D:3 |      71 |       0 |   0.0 |      15 |       0 |   0.0
        D:5 |      79 |       0 |   0.0 |       2 |       0 |   0.0
            +---------+---------+-------+---------+---------+-------
